[Event "AI Cup Div-3 2023"]
[Site "Online"]
[Date "2023.09.25"]
[Round "1.1"]
[White "Kramnik, Vladimir"]
[Black "Asadli, Vugar"]
[Result "1/2-1/2"]
[Annotator "TA"]
[ECO "B07"]
[WhiteElo "2753"]
[BlackElo "2563"]
[PlyCount "50"]
[EventDate "2023.09.18"]
[EventType "k.o."]
[EventCountry "NET"]
[SourceTitle "playchess.com"]
[Source "ChessBase"]
[SourceQuality "1"]
[TimeControl "900+3"]

1. Nf3 Nf6 2. g3 g6 3. Bg2 Bg7 4. O-O O-O 5. d4 d6 6. Re1 Nbd7 7. e4 e5 8. Nc3 Re8 9. h3 b6 {[%emt 0:00:17] B07: Pirc Defence: Miscellaneous Systems.} 10. a4 a5 11. Bg5 {[%emt 0:00:15] [#]} Bb7 $5 $146 {[%emt 0:00:24][%mdl 8] The position is equal. An interesting novelty.} ({Predecessor:} 11... h6 12. Be3 Bb7 13. d5 Nc5 14. Nd2 c6 15. dxc6 Bxc6 16. Bxc5 dxc5 17. Nc4 Qc7 18. Qd6 {1-0 Cobb,J (2395)-Hebden,M (2545) BCF-ch rapidplay 2006 (3)}) 12. Qd2 Qc8 13. Rad1 exd4 14. Nxd4 Nc5 15. f3 Ne6 16. Be3 Nd7 17. Ndb5 Ne5 18. b3 {[%emt 0:00:06] Dodges Nc4} Nc6 (18... Nd7 $142) 19. Nd5 $16 Ne7 20. Bf2 {[%emt 0:01:20] White has more active pieces.} Bc6 {[%emt 0:00:39] [#]} 21. Nxd6 cxd6 $11 22. Nxb6 (22. Bxb6 $2 {loses.} Bxd5 23. exd5 Bc3 $19) 22... Qb7 23. Nxa8 Qxa8 24. Qxd6 g5 {[%emt 0:00:01] [#]} ({Black should play} 24... Bc3 $14) 25. f4 $1 $16 Bc3 {[%emt 0:00:29] Weighted Error Value: White=0.17 (very precise) /Black=0.21 (precise)} 1/2-1/2

[Event "AI Cup Div-3 2023"]
[Site "Online"]
[Date "2023.09.25"]
[Round "1.1"]
[White "Radjabov, Teimour"]
[Black "Paravyan, David"]
[Result "1/2-1/2"]
[Annotator "TA"]
[ECO "D32"]
[WhiteElo "2745"]
[BlackElo "2599"]
[PlyCount "172"]
[EventDate "2023.09.18"]
[EventType "k.o."]
[EventCountry "NET"]
[SourceTitle "playchess.com"]
[Source "ChessBase"]
[SourceQuality "1"]
[TimeControl "900+3"]

1. d4 d5 2. c4 e6 3. Nc3 Nf6 4. Nf3 c5 5. e3 Nc6 6. cxd5 exd5 7. Be2 Be7 8. O-O O-O 9. b3 Ne4 10. Bb2 Bf6 11. Na4 {[%emt 0:01:30] D32: Tarrasch Defence: Sidelines and lines without g3.} (11. Rc1 $5 ) 11... cxd4 12. Nxd4 Bd7 13. Rc1 Nxd4 14. Bxd4 Bxa4 15. bxa4 Rc8 16. Rxc8 Qxc8 {[%emt 0:00:00] [#]} 17. Bxf6 $146 ({Predecessor:} 17. Bf3 Rd8 18. Bxa7 Qc4 19. Bb6 Rc8 20. a5 g6 21. g3 h5 22. h4 Bc3 23. Bxe4 Qxe4 {½-½ Zhao,Y (2461)-Zhou,W (2604) CHN-chT DivA 2023 (8.4)}) 17... Nxf6 18. Qd4 b6 19. Bd3 Qc7 20. h3 (20. Rb1 $5 ) 20... Rc8 21. Bf5 Re8 22. Rd1 Qc5 23. g4 h6 24. Kg2 Re7 25. Qf4 Qc7 {[%emt 0:00:59] Wards off Qb8+} 26. Qd4 Qc6 27. Rd2 g6 28. Bd3 (28. Rc2 $5 Qd6 29. Bd3 $14) 28... Ne4 29. Rc2 Nc5 {[%emt 0:01:19] [#]} 30. a5 $1 Qe6 (30... Rd7 31. Be2) 31. Be2 Qe4+ $1 32. Qxe4 dxe4 $11 {[%emt 0:00:01][%mdl 4096] Endgame KRB-KRN} 33. h4 Kg7 34. Kg3 g5 35. hxg5 hxg5 36. axb6 axb6 37. Rb2 Re6 38. Rd2 Nd3 39. Bxd3 $14 {[%emt 0:00:25] KRB-KR} Rd6 {[%emt 0:00:02][%mdl 64] [#] Pin} 40. f3 $1 exd3 {[%emt 0:00:01] KR-KR} 41. e4 b5 42. Kf2 Ra6 43. Ke3 Ra3 44. Rxd3 Rxa2 45. Rd5 Ra3+ 46. Kf2 f6 47. Rxb5 Kg6 48. e5 fxe5 {[%emt 0:00:01] The position is equal.} 49. Rxe5 Rb3 50. Rd5 Ra3 51. Ke2 Kf6 52. Rd6+ Kf7 (52... Ke5 $5 53. Rd3 Ra4 $14) 53. Rd3 Ra1 54. Ke3 Re1+ 55. Kd4 Kf6 56. Rc3 Rd1+ 57. Ke4 Re1+ 58. Kd3 Rd1+ 59. Ke2 Ra1 60. Rc6+ Kf7 61. Ke3 Ra4 62. Rd6 Rb4 63. Rd4 Rb1 64. Rc4 Re1+ 65. Kd4 Kf6 66. Rc6+ Kf7 67. Rb6 Re2 68. Rb5 Kf6 69. Rf5+ Kg6 70. Re5 Rd2+ 71. Ke4 Re2+ 72. Kd5 Rd2+ 73. Ke4 Re2+ 74. Kd4 Rd2+ 75. Ke3 Rd1 76. Re4 Kf6 77. Rd4 Re1+ 78. Kf2 Ra1 79. Rd6+ Kf7 80. Ke3 Re1+ 81. Kd4 Re2 82. Rd5 Kf6 83. Rf5+ Kg6 84. Kd5 Ra2 85. Re5 Ra5+ 86. Ke6 Ra3 {[%emt 0:00:11] Weighted Error Value: White=0.07 (flawless) /Black=0.06 (flawless)} 1/2-1/2

[Event "AI Cup Div-3 2023"]
[Site "Online"]
[Date "2023.09.25"]
[Round "1.1"]
[White "Sevian, Samuel"]
[Black "Yilmaz, Mustafa"]
[Result "1-0"]
[Annotator "TA"]
[ECO "A13"]
[WhiteElo "2698"]
[BlackElo "2640"]
[PlyCount "83"]
[EventDate "2023.09.18"]
[EventType "k.o."]
[EventCountry "NET"]
[SourceTitle "playchess.com"]
[Source "ChessBase"]
[SourceQuality "1"]
[TimeControl "900+3"]

1. Nf3 d5 2. e3 Nf6 3. c4 e6 4. b3 Bd6 5. Bb2 c5 6. cxd5 {[%emt 0:00:06] A13: English Opening: 1...e6.} exd5 7. d4 $5 {[%emt 0:00:01][%mdl 4] Exploring less charted territory.} Nc6 8. dxc5 {[%emt 0:00:04] White has an edge.} Bxc5 9. Bb5 O-O 10. O-O Bg4 11. h3 Bh5 12. Qc2 Bd6 13. Bxc6 bxc6 14. Nbd2 Rc8 {[%emt 0:00:06] [#]} 15. Be5 $146 ({Predecessor:} 15. Rac1 Re8 16. Qc3 {½-½ De Weerd,J (2085)-Engelaer,M (1875) Brasschaat op 19th 2019 (4)}) 15... Re8 16. Bxd6 Qxd6 17. Rac1 c5 18. Qb2 a5 19. Rc3 Ne4 (19... Nd7 $15) 20. Nxe4 $14 dxe4 21. Nd2 Rcd8 22. Rc2 a4 23. Rfc1 axb3 24. axb3 Bg6 {[%emt 0:01:12] [#]} ({Better is} 24... h6) 25. Nf1 $1 $16 Re5 26. Qa3 h5 27. Rd2 Rd5 28. Rxd5 Qxd5 29. Rxc5 (29. Qxc5 $6 Qxb3 30. Qa5 Qd5 31. Qxd5 Rxd5 $11) 29... Qb7 30. Rc1 {[%emt 0:00:35] Against Rd1} Rd3 31. Rb1 h4 32. Qa4 Bh5 33. b4 Rd6 (33... Rd8 $16 {was worth a try.}) 34. Qc2 $2 (34. Qe8+ $18 {and the rest is easy.} Kh7 35. Qe5) 34... Rg6 35. Kh1 (35. Nh2 $14) 35... Qd5 (35... Bf3 $1 $11 36. gxf3 Qd7) 36. Nh2 (36. Rc1 $16) 36... Qd3 (36... Rc6 $11 {remains equal.} 37. Qb2 Rg6) 37. Qb2 (37. Qxd3 $16 {Qd8+ would be deadly.} exd3 38. Nf3) 37... Rg5 $2 (37... Rb6 $11 {and Black stays safe.}) 38. b5 $18 {[%emt 0:00:03] [#] And now b6 would win.} Rc5 39. b6 {[%emt 0:00:01] Threatens to win with b7. White is clearly winning.} Rc2 40. Qe5 {[%emt 0:00:04] b7 is the strong threat.} Rxf2 (40... Rc5 $142 41. Qb2 (41. Qxc5 Qxb1+ $11) 41... Rc8) 41. Rg1 (41. Ra1 $142 {Threatening mate with Ra8+.} Ra2 {[%mdl 64] Decoy} 42. Rxa2 Qb1+ 43. Nf1 Qxa2 44. b7) 41... Qxe3 (41... Qb3 $142 42. Qxh5 Qxb6 43. Qxh4 Rf6 44. Qxe4 Qc6) 42. b7 {[%emt 0:00:03] Weighted Error Value: White=0.36/Black=0.48} 1-0

[Event "AI Cup Div-3 2023"]
[Site "Online"]
[Date "2023.09.25"]
[Round "1.1"]
[White "Tomashevsky, Evgeny"]
[Black "Kobo, Ori"]
[Result "1-0"]
[Annotator "TA"]
[ECO "E94"]
[WhiteElo "2694"]
[BlackElo "2551"]
[PlyCount "65"]
[EventDate "2023.09.18"]
[EventType "k.o."]
[EventCountry "NET"]
[SourceTitle "playchess.com"]
[Source "ChessBase"]
[SourceQuality "1"]
[TimeControl "900+3"]

1. d4 Nf6 2. c4 g6 3. Nc3 Bg7 4. e4 d6 5. Nf3 O-O 6. Be2 e5 7. O-O b6 {[%emt 0:00:01] E94: King's Indian: Classical: 6 Be2 e5 7 0-0: Various Black 7th moves.} 8. Re1 $5 {[%emt 0:00:45][%mdl 4] Leaves trodden paths.} exd4 9. Nxd4 Bb7 {[%emt 0:00:07] [#] White has an edge.} 10. Bd3 $1 $146 {[%emt 0:01:20][%mdl 8] A top novelty.} (10. Bg5 h6 11. Bh4 g5 $11) ({Predecessor:} 10. f3 Ne8 11. Be3 c5 12. Nc2 Be5 13. Bf1 f5 14. exf5 gxf5 15. Bh6 Bxh2+ 16. Kxh2 {1-0 Vitiugov,N (2727)-Fedoseev,V (2704) RUS-ch 74th Ufa 2021 (3)}) 10... Nbd7 11. Bg5 h6 12. Bh4 Re8 13. Bc2 Ne5 14. b3 Qd7 15. Rc1 (15. f4 Nc6 16. Nxc6 Bxc6 $11) 15... a6 16. Bb1 (16. f4 $14 Nc6 17. Nxc6 Qxc6 18. Nd5 Nxd5 19. cxd5) 16... c5 $11 17. Nf3 Nxf3+ 18. Qxf3 Ng4 19. Rcd1 (19. h3 $14 Ne5 20. Qd1) 19... Ne5 (19... b5 $5) 20. Qe3 b5 21. cxb5 axb5 22. h3 (22. Nd5 $5 ) 22... f5 {[%emt 0:01:47] [#] Hoping for ...g5.} (22... g5 $5 23. Bg3 f5 24. Bxe5 Bxe5 $11) 23. f4 Nf7 24. Nd5 Bxd5 25. Rxd5 g5 26. Bf2 Bd4 (26... fxe4 $142 27. fxg5 (27. Qxc5 gxf4 28. Bxe4 Rxa2 $11) 27... Nxg5) 27. Qd2 Bxf2+ 28. Qxf2 fxe4 (28... gxf4 $142 29. Qxf4 (29. Rxf5 Re6 $16) 29... Re5 30. Rxe5 dxe5 31. Qg3+ (31. Qxf5 Qxf5 32. exf5 Rd8 $16) 31... Kh8) 29. Bxe4 $18 Re7 $2 (29... c4 30. Rdd1 Rab8) 30. fxg5 {[%emt 0:01:25] White is clearly winning.} Nxg5 {[%emt 0:00:14] [#]} 31. Rxg5+ $1 {[%emt 0:00:06][%mdl 576] Discovered Attack} hxg5 32. Bxa8 {[%emt 0:00:01] Threatens to win with Rf1.} Rxe1+ 33. Qxe1 {[%emt 0:00:02] Weighted Error Value: White=0.14 (very precise) /Black=0.23 (precise)} 1-0

[Event "AI Cup Div-3 2023"]
[Site "Online"]
[Date "2023.09.25"]
[Round "1.1"]
[White "Xiong, Jeffery"]
[Black "Matlakov, Maxim"]
[Result "1/2-1/2"]
[Annotator "TA"]
[ECO "B14"]
[WhiteElo "2693"]
[BlackElo "2674"]
[PlyCount "134"]
[EventDate "2023.09.18"]
[EventType "k.o."]
[EventCountry "NET"]
[SourceTitle "playchess.com"]
[Source "ChessBase"]
[SourceQuality "1"]
[TimeControl "900+3"]

1. c4 c6 2. e4 d5 3. exd5 cxd5 4. d4 Nf6 5. Nc3 e6 6. Nf3 Bb4 7. cxd5 exd5 8. Bd3 O-O 9. O-O Bg4 10. Bg5 Bxc3 11. bxc3 Nbd7 12. h3 Bh5 $1 13. c4 {[%emt 0:00:26] B14: Caro-Kann: Panov-Botvinnik Attack with 5...e6 and 5...g6.} dxc4 14. Bxc4 Rc8 15. Bb3 Qa5 16. Qd2 Qxd2 17. Nxd2 {[%emt 0:00:00][%cal Bf3d2,Bd2e4,Be4d6][%mdl 32] [#]} Nb6 $146 (17... h6 $11 {was preferrable.} 18. Bf4 a5) ({Predecessor:} 17... h6 18. Bf4 Nb6 19. Rac1 Nbd5 20. Be5 Nc3 21. Kh2 Nfd5 22. Ne4 Nxe4 23. Rxc8 Rxc8 24. Bxd5 {½-½ Nun,J (2460)-Plachetka,J (2430) Namestovo 1987 (8)}) 18. Bxf6 gxf6 19. Ne4 Kg7 20. f4 Be2 21. Rfe1 Bc4 22. Nd6 Rc6 23. Nf5+ Kh8 24. Re7 $36 {[%emt 0:00:01][%mdl 2048] White is really pushing.} Be6 25. Ne3 {[%emt 0:00:16] White is more active.} Rd8 26. f5 (26. Rxb7 $16 Rxd4 27. f5 (27. Rxa7 Rxf4 28. Bxe6 Rxe6 $16) 27... Bxb3 28. axb3) 26... Nc8 27. Rxb7 Bxb3 28. axb3 Rxd4 $2 (28... Kg7 $1 $14) 29. Rxf7 $18 {[%emt 0:00:11] [#] Threatens to win with Ng4.} Kg8 30. Rb7 h5 31. Ra5 a6 32. Rd5 {[%emt 0:00:16] Dodges Nd6} Rxd5 33. Nxd5 $16 {[%emt 0:00:00][%mdl 4096] Endgame KRN-KRN} Kf8 34. Nf4 Nd6 35. Ng6+ Ke8 36. Re7+ Kd8 37. Re6 Rc1+ {[%emt 0:00:02] [#]} (37... Kc7 $16) 38. Kh2 $1 $18 Nxf5 39. Rxa6 (39. Rxf6 $18 Ne3 40. Rxa6) 39... Ne3 $16 40. Kg3 ({Much weaker is} 40. Rxf6 $6 Nf1+ 41. Kh1 Ng3+ 42. Kh2 Nf1+ 43. Kh1 Ng3+ 44. Kh2 Nf1+ $11) 40... Rc3 (40... Nf5+ $16 41. Kf4 Rf1+ 42. Ke4 Kd7) 41. b4 Rb3 42. Re6 (42. Rxf6 $18 {and White stays clearly on top. Black must now prevent Rf3.} Rxb4 43. Rf3) 42... Nd5+ 43. Kh4 {[%emt 0:00:01] And now Rd6+ would win.} Rxb4+ 44. Kxh5 {[%emt 0:00:01] Strongly threatening Rd6+.} Kd7 {[%emt 0:00:01] Wards off Rd6+} 45. Nf8+ Kc7 46. g3 {[%emt 0:00:01] Prevents Nf4+} Rb3 47. Kh4 Rb4+ 48. g4 Rb3 49. Re4 Rf3 50. Ne6+ Kd7 51. Nd4 Rd3 52. Nf5 Rf3 53. Rd4 Ke6 54. Rd2 {[%emt 0:00:04] aiming for Nd4+.} Ke5 55. Re2+ Kf4 56. Ne7 Ne3 57. Ra2 Ke5 58. Ng6+ Ke6 {[%emt 0:00:01] The position is equal.} 59. Re2 Kf7 60. Kh5 Rxh3+ 61. Nh4 Nd5 {[%emt 0:00:02] ( -> ...Nf4+)} (61... Nf1 $5 62. g5 $8 f5 $11) 62. Rf2 {[%emt 0:00:01] Inhibits Nf4+.} Ke6 63. g5 fxg5 64. Kxg5 Rg3+ 65. Kh6 $1 Rg1 66. Re2+ Kd6 67. Nf5+ Kc5 {[%emt 0:00:02] Black defended with fortune.   Weighted Error Value: White=0.13 (very precise) /Black=0.14 (very precise)} 1/2-1/2

[Event "AI Cup Div-3 2023"]
[Site "Online"]
[Date "2023.09.25"]
[Round "1.1"]
[White "Esipenko, Andrey"]
[Black "Chigaev, Maksim"]
[Result "1-0"]
[Annotator "TA"]
[ECO "A34"]
[WhiteElo "2683"]
[BlackElo "2615"]
[PlyCount "41"]
[EventDate "2023.09.18"]
[EventType "k.o."]
[EventCountry "NET"]
[SourceTitle "playchess.com"]
[Source "ChessBase"]
[SourceQuality "1"]
[TimeControl "900+3"]

1. g3 d5 2. Nf3 Nf6 3. Bg2 e6 4. O-O Be7 5. c4 O-O 6. d3 c5 7. d4 Nc6 8. cxd5 exd5 9. Nc3 h6 {[%emt 0:00:17] A34: Symmetrical English: 2 Nc3, lines with ...d5.} 10. Bf4 Be6 11. Rc1 c4 {[%emt 0:00:33] The position is equal.} 12. Ne5 Qb6 {[%emt 0:00:02][%csl LRb2,LRd4] [#]} 13. b3 $146 ({Predecessor:} 13. Na4 Qa5 14. b3 Nxe5 15. dxe5 Nd7 16. bxc4 dxc4 17. Bxb7 Rab8 18. Bg2 Nxe5 19. Nc3 Rbd8 {0-1 Saduakassova,D (2460)-Batsiashvili,N (2502) Wch Blitz (Women) 2017 (21)}) 13... Ba3 (13... Nxd4 $2 14. Be3 $18 (14. Na4 Nxe2+ 15. Qxe2 Qa6 $18)) (13... cxb3 {simplifies} 14. Nxc6 bxc6 15. axb3 Bf5) 14. Rb1 {[%emt 0:01:59] bxc4 would be deadly.} Bf5 {[%emt 0:02:02] [#]} (14... Nxd4 $2 15. bxc4 (15. Na4 Nxe2+ 16. Qxe2 Qa5 $18) 15... Qc5 16. Be3 Nxe2+ 17. Nxe2 $18) (14... Qxd4 $11 15. Qxd4 Nxd4) 15. e4 (15. Nxd5 $6 Nxd5 16. Bxd5 Nxe5 17. Bxe5 Bxb1 18. Qxb1 c3 $11) (15. bxc4 $1 $16 Bxb1 16. Nxb1) 15... Nxe4 $2 (15... dxe4 $11 16. g4 (16. bxc4 Qxd4 17. Rxb7 Qxc3 $11) (16. Nxc4 Qa6 $11) 16... Nxe5 17. gxf5 Nd3) 16. Nxe4 $2 (16. Nxd5 $18 Qd8 17. bxc4) 16... dxe4 $14 17. Nxc4 Qa6 18. d5 $36 {[%emt 0:00:00][%mdl 2048] White has good play.} Rfd8 19. d6 Bc5 $2 (19... Nb4 $14) 20. Qd5 $1 $18 Qb5 {[%emt 0:00:02][%cal Oc5f2] [#] White must now prevent ...Bxf2+!} 21. Be3 {[%emt 0:00:00] Weighted Error Value: White=0.50/Black=1.16} (21. Qxf5 $2 {is the wrong capture.} Bxf2+ {[%mdl 64] Discovered Attack} 22. Rxf2 Qxf5 $19) 1-0

[Event "AI Cup Div-3 2023"]
[Site "Online"]
[Date "2023.09.25"]
[Round "1.1"]
[White "Meier, Georg"]
[Black "Demchenko, Anton"]
[Result "1/2-1/2"]
[Annotator "ChessBase"]
[ECO "A47"]
[WhiteElo "2628"]
[BlackElo "2608"]
[PlyCount "76"]
[EventDate "2023.09.18"]
[EventType "k.o."]
[EventCountry "NET"]
[SourceTitle "playchess.com"]
[Source "ChessBase"]
[SourceQuality "1"]
[TimeControl "900+3"]

1. d4 Nf6 2. Nf3 g6 3. b3 Bg7 4. Bb2 O-O 5. Nbd2 d6 6. e3 b6 7. Bd3 Bb7 8. Qe2 a5 9. O-O a4 10. c4 Nc6 11. Bc3 axb3 12. axb3 e6 13. e4 Nh5 14. Qe3 Qf6 15. g3 e5 16. d5 Nd4 17. Kg2 c5 18. dxc6 Bxc6 19. Rxa8 Bxa8 20. Ra1 Rb8 21. h3 Nxf3 22. Nxf3 Qe7 23. Kg1 Bc6 24. Nd2 Nf6 25. Bb2 Qb7 26. b4 Bd7 27. Bf1 h5 28. b5 Qc8 29. h4 Ng4 30. Qe2 f5 31. Nf3 Qc7 32. Ng5 Rf8 33. c5 dxc5 34. Qc4+ Kh8 35. Nf7+ Kh7 36. Ng5+ Kh8 37. Nf7+ Kh7 38. Ng5+ Kh8 1/2-1/2

[Event "AI Cup Div-3 2023"]
[Site "Online"]
[Date "2023.09.25"]
[Round "1.1"]
[White "Durarbayli, Vasif"]
[Black "Sargsyan, Shant"]
[Result "1/2-1/2"]
[Annotator "ChessBase"]
[ECO "C85"]
[WhiteElo "2625"]
[BlackElo "2631"]
[PlyCount "95"]
[EventDate "2023.09.18"]
[EventType "k.o."]
[EventCountry "NET"]
[SourceTitle "playchess.com"]
[Source "ChessBase"]
[SourceQuality "1"]
[TimeControl "900+3"]

1. e4 e5 2. Nf3 Nc6 3. Bb5 a6 4. Ba4 Nf6 5. O-O Be7 6. Bxc6 dxc6 7. Re1 Qd6 8. Na3 Be6 9. d4 Nd7 10. c3 O-O 11. Be3 b5 12. h3 f6 13. Qe2 c5 14. Red1 Qb6 15. Nc2 cxd4 16. cxd4 Qb7 17. d5 Bf7 18. Nh4 g6 19. Qg4 Rfd8 20. Nf5 Bf8 21. Bh6 Nc5 22. Bxf8 Kxf8 23. Nh6 c6 24. Nxf7 Kxf7 25. b4 h5 26. Qf3 Na4 27. Ne3 Nb6 28. dxc6 Qxc6 29. Rac1 Rxd1+ 30. Qxd1 Nc4 31. Qd3 Rc8 32. a4 Qd6 33. Qb3 Qd4 34. axb5 axb5 35. Qa2 Qxe4 36. Qa7+ Kg8 37. Qe7 Qc6 38. Nxc4 bxc4 39. b5 Qe8 40. Qxf6 c3 41. b6 Rc6 42. Qf3 Rxb6 43. Rxc3 e4 44. Qf4 Rb1+ 45. Kh2 Rb5 46. Rc7 Qe5 47. Qxe5 Rxe5 48. h4 1/2-1/2

[Event "AI Cup Div-3 2023"]
[Site "Online"]
[Date "2023.09.25"]
[Round "1.1"]
[White "Martinez Alcantara, Jose Eduardo"]
[Black "Guseinov, Gadir"]
[Result "1/2-1/2"]
[Annotator "ChessBase"]
[ECO "B40"]
[WhiteElo "2611"]
[BlackElo "2636"]
[PlyCount "92"]
[EventDate "2023.09.18"]
[EventType "k.o."]
[EventCountry "NET"]
[SourceTitle "playchess.com"]
[Source "ChessBase"]
[SourceQuality "1"]
[TimeControl "900+3"]

1. e4 c5 2. Nf3 e6 3. b3 a6 4. Bb2 Nc6 5. c4 Qc7 6. g3 Nf6 7. e5 Ng4 8. Qe2 b5 9. h3 Nh6 10. Bg2 bxc4 11. bxc4 Rb8 12. Bc3 Nf5 13. O-O Nfd4 14. Bxd4 cxd4 15. d3 Bb4 16. Rd1 O-O 17. Nbd2 a5 18. Rab1 Ba6 19. Nb3 Bc3 20. Nc5 Rxb1 21. Rxb1 Rb8 22. Rxb8+ Nxb8 23. Ng5 h6 24. Nge4 Bb4 25. Nxa6 Nxa6 26. f4 Nc5 27. Qc2 Nxe4 28. Bxe4 d6 29. exd6 Qxd6 30. Kg2 g6 31. Qa4 Kg7 32. Qb5 Qc5 33. Qb7 Qe7 34. Qc8 Qd6 35. h4 h5 36. Qb7 Qe7 37. Qb5 Qd6 38. a4 Qc5 39. Bf3 Kf6 40. Qb8 Kg7 41. Qb5 Kf6 42. Bc6 Kg7 43. Be8 Kf8 44. Bc6 Kg7 45. Be8 Kf8 46. Bc6 Kg7 1/2-1/2

[Event "AI Cup Div-3 2023"]
[Site "Online"]
[Date "2023.09.25"]
[Round "1.1"]
[White "Kravtsiv, Martyn"]
[Black "Robson, Ray"]
[Result "1-0"]
[Annotator "TA"]
[ECO "C58"]
[WhiteElo "2598"]
[BlackElo "2699"]
[PlyCount "103"]
[EventDate "2023.09.18"]
[EventType "k.o."]
[EventCountry "NET"]
[SourceTitle "playchess.com"]
[Source "ChessBase"]
[SourceQuality "1"]
[TimeControl "900+3"]

1. e4 e5 2. Nf3 Nc6 3. Bc4 Nf6 4. Ng5 d5 5. exd5 Na5 6. Bb5+ c6 7. dxc6 bxc6 8. Bd3 Nd5 {[%emt 0:00:26] C58: Two Knights: 4 Ng5 d5 5 exd5 Na5 sidelines.} 9. Nf3 ({Worse is} 9. Qh5 g6 10. Nxf7 gxh5 $17) 9... Bd6 10. Nc3 O-O {[%emt 0:00:57] aiming for ...Nxc3. The position is equal.} 11. Be2 f5 12. d3 e4 13. Nd4 Nxc3 14. bxc3 {[%emt 0:00:03] [#]} Qc7 $146 ({Predecessor:} 14... Qf6 15. O-O Qe5 16. f4 Qe7 17. Kh1 Bd7 18. Rb1 Rad8 19. Bd2 c5 20. Nb5 Bb8 21. dxe4 fxe4 {1-0 Yu,Y (2709)-Ding,L (2791) Lindores Abbey Final 8 rapid 2020 (1.15)}) 15. h3 Be5 16. O-O c5 17. Nb5 Qc6 18. d4 Bf6 ({Better is} 18... Bb8 $14) 19. Bf4 (19. d5 $18 Qd7 20. d6) 19... Ba6 (19... cxd4 $16 20. cxd4 Be6) 20. Rb1 {[%emt 0:00:47] Hoping for Nc7.} Rfd8 $2 {[%emt 0:01:04] Loses the game.} (20... g5 $16) 21. Nc7 $18 {[%emt 0:00:55][%mdl 64] [#] Discovered Attack} Bxe2 22. Qxe2 Rac8 23. d5 Qd7 24. Ne6 Re8 25. Rfd1 {[%emt 0:00:16] Threatens to win with Qa6.} c4 26. Qe3 Qe7 (26... Qf7 $142 27. Rb5 Nb7) 27. Rb5 Nc6 28. Nxg7 Bxg7 29. dxc6 Rxc6 30. Rxf5 Rg6 31. Rfd5 Qf8 32. g3 h6 (32... Bh6 {keeps fighting.}) 33. Rd7 Qf5 34. Kh2 ({Much less strong is} 34. Rxa7 Bf8 35. Rc7 Qxh3 $18) 34... Rf8 (34... Bf8 $142 35. R1d5 (35. Rxa7 Bc5 $18) 35... Qe6 36. Qxa7 Qb6) 35. R1d5 Qe6 36. R5d6 Qf5 37. Rxg6 Qxg6 38. Rxa7 Rd8 39. Re7 Rd1 40. Qxe4 Qh5 41. Re8+ (41. Qe6+ $142 Kf8 42. Be3 Rh1+ {[%mdl 64] Decoy} 43. Kxh1 Qxh3+ 44. Qxh3 Kxe7 45. Bc5+ Kf7 46. Qf5+ Bf6 47. Bd4) 41... Bf8 42. Qe6+ Qf7 43. Qxf7+ {[%emt 0:00:02] White is clearly winning.} Kxf7 {[%emt 0:00:00][%mdl 4096] Endgame KRB-KRB} 44. Re4 Ra1 45. Rxc4 Rxa2 46. Kg2 Rxc2 47. Rc6 h5 48. Be3 Be7 49. h4 Ke8 50. Bd4 Bf8 51. Re6+ Kd7 52. Re5 {[%emt 0:00:02] Weighted Error Value: White=0.52/Black=0.64} 1-0

[Event "AI Cup Div-3 2023"]
[Site "Online"]
[Date "2023.09.25"]
[Round "1.1"]
[White "Vaibhav, Suri"]
[Black "Vokhidov, Shamsiddin"]
[Result "1-0"]
[Annotator "ChessBase"]
[ECO "A28"]
[WhiteElo "2588"]
[BlackElo "2578"]
[PlyCount "201"]
[EventDate "2023.09.18"]
[EventType "k.o."]
[EventCountry "NET"]
[SourceTitle "playchess.com"]
[Source "ChessBase"]
[SourceQuality "1"]
[TimeControl "900+3"]

1. c4 e5 2. Nc3 Nf6 3. Nf3 Nc6 4. e3 Bb4 5. Qc2 Bxc3 6. Qxc3 Qe7 7. d4 Ne4 8. Qd3 exd4 9. Nxd4 Nc5 10. Qd1 Nxd4 11. Qxd4 Ne6 12. Qd5 Rb8 13. b3 b6 14. Bb2 Bb7 15. Qf5 Qb4+ 16. Kd1 d5 17. Kc2 dxc4 18. Bxc4 O-O 19. Rad1 Rbd8 20. f3 Qe7 21. Qe5 Bc8 22. h4 f6 23. Qe4 Rde8 24. g4 Kh8 25. Bd3 Qc5+ 26. Kb1 Ng5 27. Qf4 Nf7 28. Rhe1 Ne5 29. Bc2 Ng6 30. Bxg6 hxg6 31. Rc1 Qd6 32. Qxd6 cxd6 33. Rc7 a6 34. Bd4 b5 35. Rec1 Be6 36. g5 Kg8 37. R1c6 Bd5 38. Rxd6 Be6 39. Rxa6 Rf7 40. Rxf7 Kxf7 41. Ra7+ Re7 42. Rxe7+ Kxe7 43. Kb2 Bd5 44. e4 Be6 45. Kc3 Bh3 46. Bc5+ Ke6 47. Kd4 Bg2 48. Ke3 Bf1 49. Bb4 Kf7 50. Bc3 Ke6 51. f4 Bg2 52. Kd4 Kd6 53. Bb4+ Ke6 54. Bc3 Kd6 55. Bd2 Bf1 56. Bb4+ Ke6 57. Bf8 Kf7 58. Ba3 Ke6 59. Bb2 Bg2 60. a4 bxa4 61. bxa4 Bf1 62. a5 Be2 63. Ke3 Bf1 64. Bc3 Ba6 65. Kd4 Bb7 66. Bb4 Ba6 67. Ba3 Bb7 68. Ke3 Ba6 69. Bf8 Kf7 70. Bc5 Ke6 71. Bd4 Bb7 72. Bb2 Ba6 73. gxf6 gxf6 74. e5 fxe5 75. fxe5 Kd5 76. Kf4 Bd3 77. Bc3 Ke6 78. Ke3 Bf1 79. Ke4 Be2 80. Be1 Bf1 81. Bc3 Be2 82. Kd4 Bf1 83. Kc5 Kd7 84. Kb6 Be2 85. a6 Bf3 86. a7 Bg2 87. Kc5 Ke6 88. Kd4 Kf5 89. Ba5 Bf3 90. Bd8 Bg2 91. Bf6 Ke6 92. Kc5 Kd7 93. Kb6 Bd5 94. Bg5 Bf3 95. e6+ Kxe6 96. Kc7 Be4 97. Kb8 Kd7 98. a8=Q Bxa8 99. Kxa8 Kc7 100. Ka7 Kc6 101. Kb8 1-0

[Event "AI Cup Div-3 2023"]
[Site "Online"]
[Date "2023.09.25"]
[Round "1.1"]
[White "Kovalev, Vladislav"]
[Black "Malakhov, Vladimir"]
[Result "0-1"]
[Annotator "ChessBase"]
[ECO "C54"]
[WhiteElo "2582"]
[BlackElo "2646"]
[PlyCount "110"]
[EventDate "2023.09.18"]
[EventType "k.o."]
[EventCountry "NET"]
[SourceTitle "playchess.com"]
[Source "ChessBase"]
[SourceQuality "1"]
[TimeControl "900+3"]

1. e4 e5 2. Nf3 Nc6 3. Bc4 Bc5 4. c3 Nf6 5. d4 exd4 6. e5 d5 7. Bb5 Ne4 8. cxd4 Bb6 9. Nc3 O-O 10. Be3 Bg4 11. h3 Bh5 12. Qc2 Nxc3 13. bxc3 f6 14. Bxc6 Bxf3 15. gxf3 bxc6 16. f4 Qe7 17. Qa4 c5 18. Qa3 c6 19. O-O-O Qe6 20. dxc5 Bc7 21. exf6 Qxf6 22. Rd4 Rab8 23. Rhd1 Qg6 24. R1d3 Rb5 25. c4 dxc4 26. Rxc4 Rfb8 27. Rb3 Rxb3 28. axb3 Qd3 29. Rd4 Qc3+ 30. Kd1 Bxf4 31. Rxf4 Rxb3 32. Qa2 Qd3+ 33. Ke1 Qc3+ 34. Ke2 g5 35. Rg4 Kf8 36. Kf3 Qd3 37. Qxa7 Qd5+ 38. Re4 Qf5+ 39. Kg3 Qxe4 40. Qa8+ Kg7 41. Qd8 Rxe3+ 42. fxe3 Qxe3+ 43. Kg2 Qxc5 44. Qd7+ Kf6 45. Qxh7 Qd5+ 46. Kg3 c5 47. Qh8+ Kf5 48. Qh7+ Ke5 49. Qg7+ Ke4 50. Qg6+ Ke3 51. Qe8+ Qe4 52. Qd8 Qf4+ 53. Kg2 Qf2+ 54. Kh1 Qe1+ 55. Kg2 Qd2+ 0-1